 Dungeon Crawl Stone Soup version 0.27-a0-1565-gad902ab807 (webtiles) character file.

Game seed: 7609051829978176570

103 ezpacito the Skirmisher (level 4, -5/35 HPs)
             Began as a Demonspawn Abyssal Knight on July 17, 2021.
             Was a Believer of Lugonu.
             Slain by an orc (8 damage)
             ... on level 3 of the Dungeon.
             The game lasted 00:03:14 (3458 turns).

ezpacito the Skirmisher (Demonspawn Abyssal Knight) Turns: 3458, Time: 00:03:15

Health: -5/35      AC:  6    Str: 13    XL:     4   Next: 51%
Magic:  6/6        EV:  9    Int: 13    God:    Lugonu [**....]
Gold:   110        SH:  0    Dex: 13    Spells: 5/5 levels left

rFire    . . .     SeeInvis +   a - +1 hand axe
rCold    . . .     Faith    .   (no shield)
rNeg     . . .     Spirit   .   j - +0 scale mail
rPois    .         Reflect  .   (no helmet)
rElec    .         Harm     .   (no cloak)
rCorr    .         Rampage  .   (no gloves)
Will     .....                  (no boots)
Stlth    ..........             (no amulet)
HPRegen  0.11/turn              d - ring of see invisible
MPRegen  0.10/turn              (no ring)

@: flying
A: demonic guardian 1
a: Renounce Religion, Depart the Abyss, Bend Space


You were on level 3 of the Dungeon.
You worshipped Lugonu.
Lugonu was pleased with you.
You visited 1 branch of the dungeon, and saw 3 of its levels.
You visited the Abyss 1 time.

You collected 110 gold pieces.

Inventory:

Hand Weapons
 a - a +1 hand axe (weapon)
Missiles
 e - 51 stones (quivered)
Armour
 j - a +0 scale mail (worn)
Jewellery
 d - a ring of see invisible (left hand)
 g - a ring of ice
Scrolls
 m - a scroll of teleportation {unknown}
Potions
 b - a potion of attraction


   Skills:
 + Level 3.3 Fighting
 * Level 2.9 Axes
 + Level 2.1 Armour
 + Level 1.7 Dodging
 + Level 1.0 Spellcasting
 + Level 3.1 Invocations


You had 5 spell levels left.
You didn't know any spells.
Your spell library was empty.

Dungeon Overview and Level Annotations

Branches:
Dungeon (3/15)

Altars:
Elyvilon


Innate Abilities, Weirdness & Mutations

A weak demonic guardian rushes to your aid.


Message History

Your ufetubus closely misses the orc priest.
Your ufetubus completely misses the orc priest.
The orc closely misses you.
The orc priest mumbles some strange prayers to Beogh against you.
Beogh smites you!
* * * LOW HITPOINT WARNING * * *
You are confused.
You feel invigorated. The orc hits you with a +0 flail.
* * * LOW HITPOINT WARNING * * *
The orc priest hits you with a +0 flail.
* * * LOW HITPOINT WARNING * * *
Unknown command.
You feel better.
You feel less invigorated.
Your ufetubus hits the orc priest. x2
Your shadow imp hits the orc priest.
The orc hits you with a +0 flail.
* * * LOW HITPOINT WARNING * * *
The orc priest hits your ufetubus with a +0 flail!
Your ufetubus dies!
The orc priest shouts!
It was a potion of flight.
You feel very buoyant.
You fly up into the air.
Your shadow imp hits the orc priest but does no damage.
The orc hits you but does no damage.
The orc priest hits your shadow imp with a +0 flail!
Your shadow imp dies!
As you read the scroll labelled FUUR HOPEXZYD, it crumbles to dust.
Your body is wracked with pain!
* * * LOW HITPOINT WARNING * * *
The orc convulses! x2; It was a scroll of torment.
The orc hits you with a +0 flail.
* * * LOW HITPOINT WARNING * * *
The orc priest calls upon Beogh to heal the orc.
The orc's wounds heal themselves!
As you read the scroll labelled QOBBAA ZEIWN, it crumbles to dust.
You feel aware of your surroundings.
It was a scroll of magic mapping.
The orc barely misses you.
As you read the scroll labelled AFUATA HUNAY, it crumbles to dust.
The scroll dissolves into smoke.
It was a scroll of fog.
The orc hits you with a +0 flail!
You die...

.......#.#.#........# *,,,,,,,,,
#####..#.#.#..<>....# *,*****,*,
.......#.#.#........# *,* *,*,
...........#.######## *,*****,*,
.....#.#.###.# *****,,<,,,,,,
.###.#.#.#
#.#******,,,,,,,,**,** .#
#.#.#.# #..,,,,,,,,,.,,,,**,* .#
#.#.#.###########....,,,,**,*
.###)#.........§@o......,,,,**,*
.#.......######§oo§.....,,,,**,*
.#.#.#...# #...§.....,,,,**,*
.#.#.#...# #.....#...,,,***,*
.#.#.##..# #.....#,..,,,* *,*
.#.#.....# #.....#,*#**** *,*
.#.#.#...# #######,* *,*
##.###...# *,* *,* #.......#
*,********,**


You could see an orc priest and 2 orcs.

Vanquished Creatures
  3 adders
  A worm (D:3)
  An orc (D:3)
  3 ball pythons
  7 endoplasms
  3 giant cockroaches (D:1)
  5 goblins
  3 hobgoblins
  14 jackals
  A quokka (D:2)
  3 bats
  2 frilled lizards (D:1)
  2 kobolds (D:3)
  3 rats
51 creatures vanquished.

Vanquished Creatures (collateral kills)
  An adder (D:2)
  An orc (D:3)
  An endoplasm (D:1)
  2 giant cockroaches
5 creatures vanquished.

Grand Total: 56 creatures vanquished

Notes
Turn   | Place    | Note
-------+----------+-------------------------------------------
     0 | Abyss:1  | ezpacito the Demonspawn Abyssal Knight began the quest for
                  | the Orb.
     0 | Abyss:1  | Reached XP level 1. HP: 18/18 MP: 2/2
    43 | Abyss:1  | Found a snail-covered altar of Cheibriados.
    47 | Abyss:1  | Noticed a worldbinder
    52 | Abyss:1  | Noticed a manticore
    53 | D:1      | Escaped the Abyss
   708 | D:1      | Reached skill level 1 in Dodging
   710 | D:1      | Reached * piety under Lugonu
   711 | D:1      | Gained mutation: A weak demonic guardian rushes to your
                  | aid. [demonic ancestry]
   711 | D:1      | Reached XP level 2. HP: 18/24 MP: 3/3
  1308 | D:1      | Reached XP level 3. HP: 21/29 MP: 5/5
  1390 | D:1      | Found a faded altar of an unknown god.
  2506 | D:2      | Reached XP level 4. HP: 10/35 MP: 6/6
  2982 | D:3      | Reached ** piety under Lugonu
  3323 | D:3      | Reached skill level 1 in Spellcasting
  3458 | D:3      | Slain by an orc

Illustrated notes

Levels and vault maps discovered:
D:1:      dpeg_arrival_central, layout_basic, dreamdust_ecumenical_altar_statues
D:2:      layout_basic, basic_altar, kennysheep_another_room
D:3:      layout_basic

Skill      XL: |  1  2  3  4 |
---------------+-------------+-----
Axes           | 2 |  2.9
Dodging        | 1 |  1.7
Armour         | 2 |  2.1
Invocations    | 3 |  3.1
Spellcasting   | 1 |  1.0
Fighting       | |  3.3

Action                   |  1- 3 |  4- 6 || total
-------------------------+-------+-------++-------
Melee: Hand axe          |   117 |    51 ||   168
Invok: Depart the Abyss  |     1 |       ||     1
  Use: Potion            |     1 |     5 ||     6
       Scroll            |       |     5 ||     5
Armor: Leather armour    |    37 |       ||    37
       Scale mail        |    27 |    28 ||    55
Dodge: Dodged            |    88 |    34 ||   122

Table legend: (Time is in decaauts)
 A = Elapsed time spent in this place.
 B = Non-inter-level travel time spent in this place.
 C = Inter-level travel time spent in this place.
 D = Time resting spent in this place.
 E = Time spent auto-exploring this place.
 F = Levels seen in this place.
 G = Mean time per level.
                   A        B        C        D        E       F      G
               +--------+--------+--------+--------+--------+-----+--------+
         Total |   3486 |   3409 |     77 |    977 |   2018 |   4 |  871.5 |
       Dungeon |   3433 |   3356 |     77 |    977 |   2018 |   3 | 1144.3 |
         Abyss |     53 |     53 |      0 |      0 |      0 |   1 |   53.0 |
               +--------+--------+--------+--------+--------+-----+--------+

Top non-repeatable levels by time:
     D:1: 1993 daAuts
     D:2: 900 daAuts
     D:3: 540 daAuts
 Abyss:1: 53 daAuts
